 Dungeon Crawl Stone Soup version 0.31.0-11-ge490571c62 (webtiles) character file.

Game seed: 2504028066622747170

51 qw the Shooter (level 3, 0/18 HPs)
             Began as a Spriggan Hunter on Feb 4, 2024.
             Constricted to death by a ball python (1 damage)
             ... on level 2 of the Dungeon.
             The game lasted 00:00:36 (1080 turns).

qw the Shooter (Spriggan Hunter)                    Turns: 1080, Time: 00:00:37

Health: 0/18       AC:  2    Str:  7    XL:     3   Next: 58%
Magic:  4/4        EV: 16    Int: 10    God:
Gold:   85         SH:  0    Dex: 20    Spells: 2/2 levels left

rFire   . . .        a - +0 shortbow
rCold   . . .        (shield currently unavailable)
rNeg    . . .        c - +0 robe
rPois   .            (helmet restricted)
rElec   .            (no cloak)
rCorr   .            (gloves unavailable)
SInv    +            (boots unavailable)
Will    .....        (no amulet)
Stlth   ++           (no ring)
HPRegen 0.23/turn    (no ring)
MPRegen 0.09/turn

%: no passive effects
@: constricted, very quick
A: very small, no large weapons, unfitting armour, see invisible, speed 3
a: no special abilities


You were on level 2 of the Dungeon.
You visited 1 branch of the dungeon, and saw 2 of its levels.

You collected 85 gold pieces.


Innate Abilities, Weirdness & Mutations

You are very small and have problems with some larger weapons.
You are too small for most types of armour.
You have supernaturally acute eyesight. (SInv)
You cover ground extremely quickly. (Speed+++)


   Skills:
 - Level 1.5 Fighting
 + Level 4.8 Ranged Weapons
 - Level 4.0 Dodging
 - Level 1.5 Stealth


You had 2 spell levels left.
You didn't know any spells.
Your spell library was empty.

Inventory:

Hand Weapons
 a - a +0 shortbow (weapon)
Armour
 c - a +0 robe (worn)
Jewellery
 d - a ring of wizardry
Scrolls
 b - a scroll of torment {unknown}
 f - a scroll of immolation {unknown}
Potions
 e - a potion of might
 h - a potion of magic {unknown}

Dungeon Overview and Level Annotations

Branches:
Dungeon (2/15)

Altars:


Message History

The adder misses you.
You shoot an arrow. The arrow hits the adder!
You kill the adder!
You feel sick. The ball python misses you. x2
You shoot an arrow.
The arrow barely misses the ball python.
You feel sick.
You are no longer poisoned.
The ball python bites you but does no damage.
The ball python misses you. The ball python barely misses you.
The ball python misses you. The ball python closely misses you.
The ball python misses you.
You shoot an arrow. The arrow hits the ball python.
You kill the ball python!
The ball python barely misses you. The ball python closely misses you.
You shoot an arrow.
The arrow closely misses the ball python.
The ball python closely misses you. x2
The ball python bites you but does no damage.
The ball python grabs you. The ball python constricts you.
You shoot an arrow.
The arrow barely misses the ball python.
The ball python closely misses you. The ball python constricts you.
You shoot an arrow. The arrow hits the ball python.
The ball python is moderately wounded.
The ball python bites you. The ball python constricts you.
The ball python barely misses you. The ball python constricts you.
You shoot an arrow.
The arrow hits the ball python but does no damage.
The ball python is moderately wounded.
The ball python closely misses you. The ball python constricts you.
You shoot an arrow.
The arrow closely misses the ball python.
The ball python bites you. The ball python constricts you.
You shoot an arrow.
The arrow closely misses the ball python.
The ball python bites you. The ball python constricts you.
The ball python bites you but does no damage.
The ball python constricts you.
You die...

.... #### # ....
.....######### # .....
...>.........### .....
#..#.........#.. ......
#.......##......
....###...............
#.%S#..........##...
#########@........#####...
##.....#..................#
##.............#.....##....#
#....................#....##
#........................#..
#........................|.%
#...........................
#.........!.................
##.............#.%..........


You could see a ball python.

Vanquished Creatures
  2 adders (D:2)
  2 bats
  4 endoplasms (D:1)
  5 goblins
  3 hobgoblins
  4 kobolds
  A quokka (D:1)
  6 ball pythons
  3 frilled lizards
  A rat (D:2)
31 creatures vanquished.

Notes
Turn   | Place    | Note
-------+----------+-------------------------------------------
     0 | D:1      | qw the Spriggan Hunter began the quest for the Orb.
     0 | D:1      | Reached XP level 1. HP: 10/10 MP: 2/2
     0 | D:1      | 0 ||| qw: Version: 0.3-a-160-g6735b56
     0 | D:1      | 0 ||| qw: Game counter: 6000
     0 | D:1      | 0 ||| qw: Melee chars always use a shield: true
     0 | D:1      | 0 ||| qw: God list: Okawaru
     0 | D:1      | 0 ||| qw: Allow faded altars: false
     0 | D:1      | 0 ||| qw: Do Orc after clearing Dungeon:15 true
     0 | D:1      | 0 ||| qw: Do second Lair branch before Depths: true
     0 | D:1      | 0 ||| qw: Lair rune preference: random
     0 | D:1      | 0 ||| qw: Goals: Normal
     0 | D:1      | 0 ||| PLANNING D:1-11
   110 | D:1      | Found a faded altar of an unknown god.
   132 | D:1      | Reached skill level 3 in Dodging
   155 | D:1      | Reached XP level 2. HP: 14/14 MP: 3/3
   680 | D:1      | 680 ||| READING scroll labelled XUCVEI EKKUE.
   680 | D:1      | 680 ||| ENCHANTING +0 shortbow.
   681 | D:1      | 681 ||| READING scroll labelled PYMAT MILUSE.
   681 | D:1      | 681 ||| IDENTIFYING smoky clear potion
   682 | D:1      | 682 ||| READING scroll labelled YBLAZ AT WAT.
   683 | D:1      | 683 ||| DRINKING 2 emerald potions.
   684 | D:1      | 684 ||| DROPPING scroll of butterflies.
   685 | D:1      | 685 ||| DROPPING potion of degeneration.
   839 | D:2      | Reached XP level 3. HP: 7/18 MP: 4/4
   880 | D:2      | 880 ||| FLEEEEING.
  1079 | D:2      | HP: 4/18 [ball python (3)]
  1080 | D:2      | HP: 1/18 [constriction (1)]
  1080 | D:2      | Constricted to death by a ball python

Levels and vault maps discovered:
D:1:      minmay_arrival_hallway, layout_loops_cross,
          nicolae_ecumenical_lake_church, dreamdust_mushroom_princess,
          chequers_jeans, minivault_24
D:2:      layout_rooms

Skill      XL: |  1  2 |
---------------+-------+-----
Dodging        | 3 4 |  4.0
Fighting       | |  1.5
Ranged Weapons | |  4.8
Stealth        | |  1.5

Action                     || total
---------------------------++-------
   Fire: Shortbow          ||    92
    Use: Scroll            ||     3
         Potion            ||     1
 Armour: Robe              ||    17
  Dodge: Dodged            ||    56

Table legend:
 A = Non-vault XP
 B = Vault XP
 C = Vault XP percentage of total XP
 D = Non-vault monster count
 E = Vault monster count
 F = Vault count percentage of total count
                 A         B        C        D         E       F
            +---------+---------+-------+---------+---------+-------
      Total |      74 |       0 |   0.0 |      31 |       0 |   0.0
            +---------+---------+-------+---------+---------+-------
        D:1 |      30 |       0 |   0.0 |      16 |       0 |   0.0
        D:2 |      44 |       0 |   0.0 |      15 |       0 |   0.0
            +---------+---------+-------+---------+---------+-------
